 Dungeon Crawl Stone Soup version 0.30-a0-953-g5f1da4a474 (webtiles) character file.

Game seed: 4249518825277922433

427 cforsyth the Cudgeller (level 7, -3/56 HPs)
             Began as a Formicid Fighter on Mar 28, 2023.
             Killed by nerve-wracking pain
             ... invoked by an orc priest
              (14 damage)
             ... on level 4 of the Dungeon.
             The game lasted 00:05:47 (3567 turns).

cforsyth the Cudgeller (Formicid Fighter)           Turns: 3567, Time: 00:05:48

Health: -3/56      AC:  9    Str: 22    XL:     7   Next: 18%
Magic:  7/7        EV:  7    Int:  8    God:
Gold:   193        SH:  0    Dex: 13    Spells: 6/6 levels left

rFire   . . .      SeeInvis +    a - +0 flail
rCold   . . .      Faith    .    c - +0 buckler
rNeg    . . .      Spirit   .    r - +0 chain mail
rPois   .          Reflect  .    (helmet unavailable)
rElec   .          Rampage  .    (no cloak)
rCorr   +                        (no gloves)
Will    .....                    (no boots) Stlth
                                 (no amulet)
HPRegen 0.29/turn                n - ring of resist corrosion
MPRegen 0.10/turn                (no ring)

@: confused
A: permanent stasis, dig shafts and tunnels, antennae 3, four strong arms
a: Dig, Shaft Self


You were on level 4 of the Dungeon.
You visited 1 branch of the dungeon, and saw 4 of its levels.
You also visited: Sewer.

You collected 193 gold pieces.

Inventory:

Hand Weapons
 a - a +0 flail (weapon)
Armour
 b - a +0 scale mail
 c - a +0 buckler (worn)
 r - a +0 chain mail (worn)
Jewellery
 n - a ring of resist corrosion (left hand)
Scrolls
 g - a scroll of noise {unknown}
 j - a scroll of summoning {unknown}
 k - a scroll of fear {unknown}
 q - a scroll of immolation {unknown}
 s - 2 scrolls of amnesia {unknown}
 t - a scroll of fog {unknown}
Potions
 d - a potion of flight {unknown}
 i - 3 potions of brilliance
 o - 3 potions of curing


   Skills:
 + Level 5.4 Fighting
 * Level 6.0 Maces & Flails
 - Level 3.2 Armour
 - Level 4.0 Shields


You had 6 spell levels left.
You didn't know any spells.
Your spell library contained the following spells:

 Spells                   Type           Power      Damage    Failure   Level
 Ozocubu's Armour         Ice            0%         N/A       100%        3
 Ozocubu's Refrigeration  Ice            0%         4d7       100%        7


Dungeon Overview and Level Annotations

Branches:
Dungeon (4/15)              Sewer (visited)
 Temple: D:4-7

Altars:
Yredelemnul

Shops:
D:1 !


Innate Abilities, Weirdness & Mutations

You cannot be hasted, slowed, berserked, paralysed or teleported.
You can dig through walls and to a lower floor.
You have a pair of large antennae on your head. (SInv)
Your four strong arms can wield two-handed weapons with a shield.


Message History

You are too confused!
You barely miss the orc wizard.
The orc wizard is almost dead.
The orc priest mumbles some strange prayers to Beogh against you.
Beogh smites you!
The orc wizard hits you with a +0 dagger. x2
The orc wizard attacks as you move away!
The orc wizard hits you but does no damage.
The orc priest mumbles some strange prayers to Beogh against you.
Beogh smites you!
* * * LOW HITPOINT WARNING * * *
The orc wizard hits you with a +0 dagger.
* * * LOW HITPOINT WARNING * * *
You barely miss the orc priest.
The orc wizard hits you but does no damage.
The orc priest hits you but does no damage.
The orc wizard hits you but does no damage.
You completely miss the orc priest.
The orc wizard casts a spell.
The orc wizard flickers and vanishes for a moment.
The orc priest hits you but does no damage.
The orc wizard barely misses you.
You hit the orc priest but do no damage.
The orc wizard closely misses you.
The orc wizard hits you but does no damage.
The orc priest hits you but does no damage.
You bump into the rock wall.
The orc wizard points at you and mumbles some strange words.
The puff of flame misses you.
The orc priest hits you with a +0 hand axe.
* * * LOW HITPOINT WARNING * * *
The orc wizard closely misses you.
You miss the orc wizard.
The orc wizard is almost dead.
The orc wizard casts a spell at you.
You are more confused.
The orc wizard hits you but does no damage.
The orc priest invokes the aid of Beogh against you.
Pain shoots through your body!
You die...

## ##..#
.#####...# {
.........#
#........#
#####...##
##...#########
#.......)...##
#.........)..#
#...########@o#
.....## #oo#
#...## #..#
#### #...#
...... .......
.....####
#.!.## #..##


You could see an orc priest and 2 orc wizards.

Vanquished Creatures
  Grinder (D:3)
  A kobold brigand (Sewer)
  7 adders
  2 river rats
  2 worms (Sewer)
  A dart slug (D:3)
  4 orcs
  10 ball pythons
  6 endoplasms
  6 goblins
  7 hobgoblins
  3 jackals (D:1)
  7 kobolds
  2 quokkas
  5 bats
  A frilled lizard (D:2)
  11 rats
76 creatures vanquished.

Notes
Turn   | Place    | Note
-------+----------+-------------------------------------------
     0 | D:1      | cforsyth the Formicid Fighter began the quest for the Orb.
     0 | D:1      | Reached XP level 1. HP: 18/18 MP: 1/1
   167 | D:1      | Reached XP level 2. HP: 24/24 MP: 2/2
   396 | D:1      | Reached XP level 3. HP: 29/29 MP: 3/3
   397 | D:1      | Reached skill level 3 in Maces & Flails
   563 | D:1      | Found Pomutry's Distillery.
   897 | D:2      | Identified the +4 hand axe of Glory {vamp, rElec rPois rC-
                  | Dex+4}
  1585 | D:3      | Found a basalt altar of Yredelemnul.
  1592 | D:3      | Reached XP level 4. HP: 37/37 MP: 4/4
  1725 | D:3      | Found a glowing drain.
  1763 | Sewer    | Entered a sewer
  1770 | Sewer    | Reached skill level 4 in Maces & Flails
  1794 | Sewer    | Reached XP level 5. HP: 24/42 MP: 5/5
  2135 | Sewer    | Noticed a kobold brigand
  2153 | Sewer    | Killed a kobold brigand
  2154 | Sewer    | Reached skill level 5 in Maces & Flails
  2154 | Sewer    | Reached XP level 6. HP: 35/50 MP: 6/6
  2765 | D:3      | Noticed Grinder
  2952 | D:3      | Killed Grinder
  2953 | D:3      | Reached skill level 5 in Fighting
  2953 | D:3      | Reached XP level 7. HP: 41/56 MP: 7/7
  3013 | D:3      | Reached skill level 6 in Maces & Flails
  3567 | D:4      | Killed from afar by an orc priest

Illustrated notes

Levels and vault maps discovered:
D:1:      eino_arrival_cavern_a, layout_loops_ring, serial_shops,
          nicolae_shop_advertising_works [nicolae_subvault_shop_adworks],
          nicolae_concentric_dashed_squares_wild
D:2:      layout_basic
D:3:      layout_rooms, amcnicky_altar_gilded, gup_sewer_entry_bubbles,
          uniq_grinder
D:4:      cheibrodos_thug_alley, layout_layer_cave,
          nicolae_overflow_hidden_temple, nicolae_gozag_zags_fifth_avenue

Skill      XL: |  1  2  3  4  5  6  7 |
---------------+----------------------+-----
Maces & Flails | 3 4 5 6 |  6.0
Fighting       | 4 5 |  5.4
Armour         | |  3.2
Shields        | |  4.0

Action                     |  1- 3 |  4- 6 |  7- 9 || total
---------------------------+-------+-------+-------++-------
  Melee: Flail             |    86 |   177 |    28 ||   291
Ability: Dig               |       |     1 |       ||     1
    Use: Scroll            |     5 |     1 |       ||     6
         Potion            |       |     4 |       ||     4
 Armour: Scale mail        |    39 |       |       ||    39
         Chain mail        |     7 |    84 |    21 ||   112
  Dodge: Dodged            |    44 |    51 |     9 ||   104
  Block: Buckler           |    31 |    42 |     3 ||    76

Table legend: (Time is in decaauts)
 A = Elapsed time spent in this place.
 B = Non-inter-level travel time spent in this place.
 C = Inter-level travel time spent in this place.
 D = Time resting spent in this place.
 E = Time spent auto-exploring this place.
 F = Levels seen in this place.
 G = Mean time per level.
                   A        B        C        D        E       F      G
               +--------+--------+--------+--------+--------+-----+--------+
         Total |   3742 |   3690 |     52 |    614 |   2175 |   5 |  748.4 |
       Dungeon |   2676 |   2624 |     52 |    159 |   1859 |   4 |  669.0 |
         Sewer |   1066 |   1066 |      0 |    455 |    315 |   1 | 1066.0 |
               +--------+--------+--------+--------+--------+-----+--------+

Top non-repeatable levels by time:
   Sewer: 1066 daAuts
     D:2: 920 daAuts
     D:3: 789 daAuts
     D:1: 777 daAuts
     D:4: 189 daAuts
